[Event "*** Titled Tuesday Blitz"]
[Site "Chess.com"]
[Date "2019.01.01"]
[Round "2"]
[White "Supernotar"]
[Black "Gr3egor"]
[Result "1-0"]
[WhiteElo "2412"]
[BlackElo "2464"]
[TimeControl "180+2"]
[EndTime "13:19:56 PST"]
[Termination "Supernotar won by resignation"]

1. d4 Nf6 2. c4 g6 3. Nc3 Bg7 4. e4 d6 5. Be2 O-O 6. Nf3 e5 7.
O-O Nc6 8. d5 Ne7 9. Ne1 Nd7 10.
Be3 f5 11. f3 f4 12. Bf2 g5 13. a4 h5 14. a5 Nf6 15. c5 g4 16. cxd6 cxd6 17. Nb5 Ng6 18. Bxa7 g3 19. Bb6 Qe7 20. Nc7 Ne8 21. Ne6 Qh4 22. h3 Rf6 23. Qb3 Nf8 24.
Bc4 Nh7 25. Bd8 Bxe6 26. Bxf6 Bxf6 27. dxe6 Ng5 28. e7+ Kg7 29. Be6 Bxe7 30. Qxb7 Nxe6 31. Qxa8 Kf7 32. a6 N8c7 33. Qc8 d5 34. a7 Bc5+ 35. Kh1 Na8 36. Qxa8 Ng5 37. Qb7+ Be7 38. Qxd5+ Kf6 39. Qd7 Nxh3 1-0

[Event "*** Titled Tuesday Blitz"]
[Site "Chess.com"]
[Date "2019.01.01"]
[Round "2"]
[White "sandager"]
[Black "BrianWall"]
[Result "0-1"]
[WhiteElo "2003"]
[BlackElo "2022"]
[TimeControl "180+2"]
[EndTime "13:20:01 PST"]
[Termination "BrianWall won by resignation"]

1. e4 e5 2. Nf3 Nc6 3. Bc4 Nf6 4. O-O Nxe4 5. d4 d5 6. Bb3 exd4 7. Nxd4 Be7 8. Re1 O-O 9. Nxc6 bxc6 10. Nd2 Bf5 11.
Nxe4 Bxe4 12. Be3 a5 13. a3 a4 14. Ba2 Bf6 15. c3 Re8 16. Qd2 Qd6 17. Rad1 Bg6 18.
g3 Rad8 19. Bd4 Rxe1+ 20. Rxe1 c5 21. Bxf6 Qxf6 22. Qe2 h6 23. Qb5 Be4 24. Qe2 Qf5 25. Qd1 d4 26. Qe2 d3 27. Qe3 d2 28. Rd1 Qf3 29. Qxf3 Bxf3 0-1

[Event "*** Titled Tuesday Blitz"]
[Site "Chess.com"]
[Date "2019.01.01"]
[Round "2"]
[White "afgano29"]
[Black "josmito10"]
[Result "0-1"]
[WhiteElo "2646"]
[BlackElo "2781"]
[TimeControl "180+2"]
[EndTime "13:20:04 PST"]
[Termination "josmito10 won by resignation"]

1. d4 Nf6 2. Nf3 d5 3. c4 e6 4. g3 Be7 5. Bg2 O-O 6. O-O dxc4 7. Qc2 a6 8. a4 Bd7 9. Qxc4 Bc6 10. Bf4 Bd6 11. Qc1 Bxf4 12. Qxf4 Qd6 13. Qh4 a5 14. Nc3 Bxf3 15. Bxf3 c6 16. e3 Na6 17. Ne4 Nxe4 18. Qxe4 Nb4 19. Rac1 Rfd8 20. Rc5 g6 21. h4 Kg7 22. h5 Qe7 23. Kg2 Rd5 24. Rcc1 Qf6 25. Rh1 e5 26. Qh4 Qxh4 27. Rxh4 Rd7 28. hxg6 hxg6 29.
dxe5 Rd2 30. Rd1 Rad8 31. Rdh1 Nd3 32. Rh7+ Kf8 33. e6 Rxf2+ 34. Kg1 Rxf3 0-1

[Event "*** Titled Tuesday Blitz"]
[Site "Chess.com"]
[Date "2019.01.01"]
[Round "2"]
[White "nurgyulsalimova"]
[Black "ASVZ"]
[Result "1-0"]
[WhiteElo "2462"]
[BlackElo "2266"]
[TimeControl "180+2"]
[EndTime "13:20:04 PST"]
[Termination "nurgyulsalimova won by resignation"]

1. e4 e6 2. d4 d5 3. Nc3 Bb4 4. e5 c5 5. a3 Ba5 6. b4 cxd4 7. Nb5 Bc7 8. f4 a5 9. Bd2 Nh6 10. Bd3 Nc6 11. Nf3 Nf5 12. O-O axb4 13. axb4 Rxa1 14. Qxa1 O-O 15. Nxc7 Qxc7 16. b5 Nce7 17. Qa7 Bd7 18. Nxd4 Rc8 19. Nb3 b6 20. Ra1 d4 21. Qxc7 Rxc7 22.
g4 Ne3 23. Nxd4 Nxg4 24. Ra8+ Rc8 25. Ra7 Rd8 26. Rb7 Nd5 27. Nc6 Bxc6 28. bxc6 g5 29. c4 Nc7 30. Rxc7 Rxd3 31. Rd7 Ra3 32. c7 gxf4 33.
c8=Q+ Kg7 34. Bxf4 Kg6 35. Qg8+ Kf5 36. Rxf7+ Ke4 37.
Qxg4 1-0

[Event "*** Titled Tuesday Blitz"]
[Site "Chess.com"]
[Date "2019.01.01"]
[Round "2"]
[White "Alexander_Donchenko"]
[Black "tigra"]
[Result "0-1"]
[WhiteElo "2645"]
[BlackElo "2780"]
[TimeControl "180+2"]
[EndTime "13:20:07 PST"]
[Termination "tigra won by resignation"]

1. e4 e6 2. d4 d5 3. e5 c5 4.
c3 Nc6 5. Nf3 Bd7 6. Be2 Nge7 7.
O-O Nf5 8. Na3 h5 9. Nc2 cxd4 10.
cxd4 Be7 11. Bd2 g5 12. Bc3 g4 13. Nfe1 b5 14. Nd3 a5 15. a3 Rc8 16. Qd2 Bg5 17.
Qe1 Rg8 18. Nc5 Nxe5 19. Bxa5 Qe7 20. Nxd7 Nxd7 21. Bd3 Rxc2 22. Bxc2 Nxd4 23. Bd3 Nf3+ 24. gxf3 Bf4 25. Bd2 Bxh2+ 26. Kg2 Qh4 0-1

[Event "*** Titled Tuesday Blitz"]
[Site "Chess.com"]
[Date "2019.01.01"]
[Round "2"]
[White "fancyknightmaneuvers"]
[Black "andante"]
[Result "1-0"]
[WhiteElo "2457"]
[BlackElo "2256"]
[TimeControl "180+2"]
[EndTime "13:20:10 PST"]
[Termination "fancyknightmaneuvers won by resignation"]

1. e4 g6 2. d4 Bg7 3. Nc3 d6 4. f4 Bd7 5. Nf3 a6 6. Bd3 c5 7. dxc5 dxc5 8. e5 Nc6 9. Ne4 f5 10. exf6 Nxf6 11. Neg5 Bf5 12. O-O Bxd3 13. cxd3 Qd6 14. Qb3 Nd8 15. Ne5 Qd5 16. Be3 h6 17. Ngf3 Qxb3 18. axb3 Rc8 19. Nxg6 Rg8 20. Nge5 Nd5 21.
Bd2 Ne6 22. f5 Bxe5 23. Nxe5 Nd4 24. Bxh6 Rh8 25. Bg5 Nxb3 26. Rae1 Nd4 27. Ng6 Rh7 28. Re5 Rd8 29. f6 Kd7 30. fxe7 Rg8 31. Nf8+ Ke8 32.
Nxh7 1-0

[Event "*** Titled Tuesday Blitz"]
[Site "Chess.com"]
[Date "2019.01.01"]
[Round "2"]
[White "2165149677570"]
[Black "BogdanDeac"]
[Result "0-1"]
[WhiteElo "2342"]
[BlackElo "2742"]
[TimeControl "180+2"]
[EndTime "13:20:11 PST"]
[Termination "BogdanDeac won by resignation"]

1. e4 c5 2. Nf3 d6 3. Bb5+ Nd7 4. a4 a6 5. Be2 Ngf6 6. Nc3 e5 7. O-O Be7 8. a5 O-O 9. d3 Nb8 10. Nd2 Be6 11. f4 exf4 12. Nc4 Nc6 13. Nb6 Rb8 14. Ncd5 Bxd5 15. Nxd5 Nxd5 16. exd5 Nd4 17. Bxf4 Bf6 18. Bg4 Be5 19. c3 Bxf4 20. Rxf4 Qg5 21. Rf2 Nb5 22. Qf3 Nc7 23. c4 Rbe8 24. Raf1 Re3 25. Qf5 Qe7 26. Rf3 Re5 27. Qf4 Ne8 28. Bf5 g6 29. Be6 Kh8 30. Bxf7 Rf5 31. Qe4 Qxf7 32. Rxf5 gxf5 33. Qe3 Qf6 34. Kh1 Qxb2 35. Qe7 Qg7 36. Qe6 Qf7 37.
Qe2 Qf6 38. h3 Qe5 39. Qh5 Nf6 40. Qh6 Rf7 41. Qg5 f4 42. Qh4 Nh5 43. Qd8+ Kg7 44. Qh4 Ng3+ 0-1

[Event "*** Titled Tuesday Blitz"]
[Site "Chess.com"]
[Date "2019.01.01"]
[Round "2"]
[White "pulvettd"]
[Black "Vegan4future"]
[Result "1-0"]
[WhiteElo "2500"]
[BlackElo "2332"]
[TimeControl "180+2"]
[EndTime "13:20:12 PST"]
[Termination "pulvettd won by checkmate"]

1. d4 Nf6 2. c4 g6 3. Nc3 Bg7 4. e4 d6 5. h3 O-O 6. Be3 Na6 7. g4 c5 8. d5 e6 9. Nge2 exd5 10.
exd5 Re8 11. Qd2 Rb8 12. Bg2 Nc7 13. a4 a6 14. O-O b5 15. axb5 axb5 16. Bg5 bxc4 17.
Ng3 Qd7 18. Qf4 Nxg4 19. hxg4 Be5 20. Qxc4 Qxg4 21. Qxg4 Bxg4 22. Nge4 Kg7 23. Ra7 Nb5 24. Nxb5 Rxb5 25. f4 Bd4+ 26. Kh1 Rxb2 27. Nxd6 Rf8 28. Be7 Rfb8 29. Nxf7 R8b3 30. Ng5 Kg8 31. d6 h6 32. Bd5+ Kh8 33. Bf6+ Bxf6 34. Rh7# 1-0

[Event "*** Titled Tuesday Blitz"]
[Site "Chess.com"]
[Date "2019.01.01"]
[Round "2"]
[White "ckgchess"]
[Black "Justinz"]
[Result "1-0"]
[WhiteElo "2618"]
[BlackElo "2373"]
[TimeControl "180+2"]
[EndTime "13:20:12 PST"]
[Termination "ckgchess won by resignation"]

1. e4 c5 2. c3 Nf6 3. e5 Nd5 4. d4 d6 5. c4 Nb6 6. dxc5 dxc5 7. Qxd8+ Kxd8 8. Nf3 Bg4 9. Ng5 Bh5 10. Be2 Bg6 11.
Bf3 Nc6 12. Bxc6 bxc6 13. b3 h6 14. Nf3 a5 15. Be3 e6 16. Nc3 a4 17. O-O-O+ Kc7 18. Kb2 Be7 19. Nd2 Rhb8 20. Rhe1 Ra5 21. g4 h5 22. h3 hxg4 23. hxg4 Bd3 24. Kc1 Bg6 25. f4 axb3 26. axb3 Rba8 27. Kb2 Rb8 28.
Ra1 Rxa1 29. Rxa1 Rb7 30. Ra5 f6 31. Bxc5 fxe5 32. Bxe7 1-0

[Event "*** Titled Tuesday Blitz"]
[Site "Chess.com"]
[Date "2019.01.01"]
[Round "2"]
[White "Martins-BR"]
[Black "IngOscarArdila"]
[Result "1-0"]
[WhiteElo "2220"]
[BlackElo "2082"]
[TimeControl "180+2"]
[EndTime "13:20:12 PST"]
[Termination "Martins-BR won by resignation"]

1. e4 e5 2. Nf3 Nf6 3. Nc3 Nc6 4. d4 exd4 5. Nxd4 Bb4 6. Nxc6 bxc6 7. Bd3 d5 8. exd5 cxd5 9. O-O O-O 10. h3 c6 11. Qf3 h6 12. Bf4 Bd6 13. Rfe1 Be6 14. Ne2 Bxf4 15. Nxf4 Qd7 16. Rad1 Rae8 17. Nxe6 fxe6 18.
Qg3 Qe7 19. Re5 Nd7 20. Rh5 Qf6 21. b4 e5 22. Bg6 Rd8 23. a3 Qe7 24. Bf5 Rf6 25.
Bxd7 Rxd7 26. Rxe5 Qf7 27. Rde1 Rd8 28. Re7 Qf8 29.
Rxa7 Re8 30. Rxe8 1-0

[Event "*** Titled Tuesday Blitz"]
[Site "Chess.com"]
[Date "2019.01.01"]
[Round "2"]
[White "MChoisy"]
[Black "ChessGamingPro"]
[Result "1-0"]
[WhiteElo "1729"]
[BlackElo "1641"]
[TimeControl "180+2"]
[EndTime "13:20:12 PST"]
[Termination "MChoisy won by checkmate"]

1. e4 e5 2. Nf3 Nc6 3. Bc4 Bc5 4. d3 d6 5. Nbd2 Nf6 6. O-O O-O 7. Re1 Bg4 8. h3 Bh5 9. c3 Re8 10. Nf1 Bb6 11.
Bb3 Bxf3 12. Qxf3 Na5 13. Bc2 h6 14. Ng3 d5 15. Nf5 dxe4 16. dxe4 Kh7 17. Qg3 Nh5 18. Qf3 Nf6 19. b3 Nc6 20. Qg3 Nh5 21. Qf3 Nf6 22. a4 a6 23. Rd1 Qc8 24. Nxh6 Rf8 25. Nf5 Qe6 26. Qg3 g6 27. Qh4+ Kg8 28. Qh6 gxf5 29. exf5 Qe7 30. Bg5 Qc5 31. Bxf6 Qxf2+ 32. Kh1 Qg3 33.
Rd3 Qf4 34. Qg7# 1-0

[Event "*** Titled Tuesday Blitz"]
[Site "Chess.com"]
[Date "2019.01.01"]
[Round "2"]
[White "ramses135"]
[Black "Feegus"]
[Result "1-0"]
[WhiteElo "2473"]
[BlackElo "2398"]
[TimeControl "180+2"]
[EndTime "13:20:16 PST"]
[Termination "ramses135 won by resignation"]

1. e4 Nf6 2. e5 Ng8 3. d4 Nf6 4. exf6 gxf6 5. Nf3 e6 6. g3 d5 7. Bg2 c5 8. O-O Nc6 9. Be3 c4 10. b3 cxb3 11. axb3 h5 12. h4 Bd6 13. c4 b6 14. Nc3 Ne7 15. cxd5 exd5 16. Ne1 Be6 17.
Nd3 Rc8 18. Nb5 a5 19. Bf4 Bxf4 20. Nxf4 Bf5 21. Re1 Kf8 22. Qd2 Qd7 23. Nc3 Qd6 24. Ncxd5 Rc2 25. Qe3 Nxd5 26. Nxd5 Kg7 27. Qf4 Qd7 28.
Nxb6 Qb5 29. Nd5 Bg6 30. Ne3 Rc7 31. Qxc7 Qxb3 32. Qxa5 Rd8 33. d5 Rd6 34. Qa3 Qb6 35. Nc4 Qd8 36. Qxd6 1-0

[Event "*** Titled Tuesday Blitz"]
[Site "Chess.com"]
[Date "2019.01.01"]
[Round "2"]
[White "DryCounty"]
[Black "Sunrise777"]
[Result "1-0"]
[WhiteElo "2717"]
[BlackElo "2662"]
[TimeControl "180+2"]
[EndTime "13:20:17 PST"]
[Termination "DryCounty won by resignation"]

1. Nf3 Nf6 2. c4 g6 3. Nc3 d5 4. cxd5 Nxd5 5. e4 Nxc3 6. dxc3 Qxd1+ 7. Kxd1 Bg7 8. Bf4 c6 9. Kc2 O-O 10. Bc4 Nd7 11. a4 a5 12. Rhd1 Nc5 13. Ng5 Ne6 14.
Nxe6 Bxe6 15. Bxe6 fxe6 16. Be3 Be5 17. Rd7 Bd6 18. Rxb7 Rfb8 19. Rxb8+ Rxb8 20. h3 e5 21. f3 Kf7 22. Bd2 c5 23. b3 c4 24. b4 Ke6 25.
b5 Bc5 26. Re1 Rd8 27. Be3 Bxe3 28. Rxe3 Kd6 29. Re2 Kc5 30. Rd2 Rd6 31. Rd5+ Rxd5 32. exd5 Kxd5 33. Kd2 1-0

[Event "*** Titled Tuesday Blitz"]
[Site "Chess.com"]
[Date "2019.01.01"]
[Round "2"]
[White "Siemba"]
[Black "MateusViageiro"]
[Result "0-1"]
[WhiteElo "2094"]
[BlackElo "2227"]
[TimeControl "180+2"]
[EndTime "13:20:19 PST"]
[Termination "MateusViageiro won by resignation"]

1. e4 c5 2. Nf3 d6 3. d4 cxd4 4. Nxd4 Nf6 5. Nc3 a6 6. Be3 e5 7. Nb3 Be6 8. f3 Nbd7 9. Qd2 Rc8 10. O-O-O h5 11. Nd5 Nxd5 12. exd5 Bf5 13. Bd3 Bxd3 14. Qxd3 Be7 15. Kb1 Nf6 16. Nd2 O-O 17. Ne4 Nxe4 18. Qxe4 f5 19. Qd3 b5 20. f4 e4 21. Qd2 Bf6 22. Bd4 Rc4 23. Qe3 Qc7 24.
Bxf6 Rxf6 25. c3 Rf8 26. h3 b4 27. cxb4 Rxb4 28. g4 Rfb8 29. Rh2 Qb7 30. b3 a5 31. Rd4 a4 32. Rxb4 Qxb4 33. Kb2 a3+ 34. Kb1 Rc8 35. gxf5 Rc3 36. Qe2 e3 37. Qf3 Qd4 38. f6 Qd3+ 0-1

[Event "*** Titled Tuesday Blitz"]
[Site "Chess.com"]
[Date "2019.01.01"]
[Round "2"]
[White "Korchmar_Vasiliy"]
[Black "Blitzstream"]
[Result "1-0"]
[WhiteElo "2786"]
[BlackElo "2548"]
[TimeControl "180+2"]
[EndTime "13:20:21 PST"]
[Termination "Korchmar_Vasiliy won by checkmate"]

1. d4 Nf6 2. c4 c6 3. Nf3 d5 4. g3 e6 5. Bg2 Be7 6. O-O O-O 7. Nbd2 b6 8. Qc2 Bb7 9. e4 dxe4 10. Nxe4 Nbd7 11.
Bf4 Nxe4 12. Qxe4 Qc8 13. Ne5 Nxe5 14. Bxe5 Rd8 15. Rad1 Rd7 16. h4 Bf8 17. h5 c5 18.
d5 exd5 19. cxd5 Qd8 20. Qf5 Bd6 21. Bc3 b5 22. Be4 g6 23. hxg6 fxg6 24. Qe6+ Rf7 25.
Bxg6 hxg6 26. Qxg6+ Kf8 27. Rfe1 b4 28. Qh6+ Kg8 29.
Qh8# 1-0

[Event "*** Titled Tuesday Blitz"]
[Site "Chess.com"]
[Date "2019.01.01"]
[Round "2"]
[White "nihalsarin"]
[Black "DoHoChess"]
[Result "1-0"]
[WhiteElo "2970"]
[BlackElo "2603"]
[TimeControl "180+2"]
[EndTime "13:20:22 PST"]
[Termination "nihalsarin won by resignation"]

1. e4 e5 2. Nf3 Nc6 3. Bc4 Bc5 4. c3 Nf6 5. d3 a6 6. Nbd2 Ba7 7. Bb3 O-O 8. h3 h6 9. Nf1 d5 10. Qe2 Re8 11. Ng3 Be6 12. O-O dxe4 13. dxe4 Qc8 14. Nh4 Bxh3 15. gxh3 Qxh3 16. Ngf5 Ng4 17. Nf3 g6 18.
Ne3 Re6 19. Bxe6 fxe6 20. Nxg4 Qxg4+ 21. Kh2 Rf8 22. Ng1 Qh4+ 23. Kg2 g5 24. f3 Ne7 25. Be3 Ng6 26. Nh3 Rf4 27. Nxf4 gxf4 28. Bxa7 Qg3+ 29.
Kh1 Nh4 30. Rg1 1-0

[Event "*** Titled Tuesday Blitz"]
[Site "Chess.com"]
[Date "2019.01.01"]
[Round "2"]
[White "MaestroASK"]
[Black "NTBT_DHS"]
[Result "1-0"]
[WhiteElo "2560"]
[BlackElo "2703"]
[TimeControl "180+2"]
[EndTime "13:20:22 PST"]
[Termination "MaestroASK won by resignation"]

1. g3 Nf6 2. Bg2 g6 3. d3 Bg7 4.
e4 O-O 5. Nh3 d6 6. O-O c6 7. c3 b5 8. f4 Qb6+ 9. Kh1 Bg4 10. Qe1 e5 11. f5 Bxh3 12. Bxh3 c5 13. g4 Nc6 14. g5 Nh5 15. f6 Bh8 16. Bg4 Nf4 17. Bxf4 exf4 18. Rxf4 Rfe8 19. Bd7 Re5 20. h4 d5 21. Nd2 h6 22. Nf3 dxe4 23. dxe4 Qc7 24.
Bxc6 Re6 25. Bxa8 Qxf4 26. Qf2 hxg5 27. hxg5 Rd6 28. Bd5 Bxf6 29. gxf6 Rxf6 30. Rf1 g5 31. Qg2 Rh6+ 32. Kg1 g4 33. Nh2 Qe3+ 34. Qf2 Qxf2+ 35. Rxf2 g3 36. Rg2 Kf8 37. Rxg3 Ke8 38. Rf3 Rh7 39. Ng4 Ke7 40. Ne5 f6 41. Nc6+ Kd6 42.
Rxf6+ Kc7 43. Nxa7 b4 44. cxb4 cxb4 45. Rf7+ 1-0

[Event "*** Titled Tuesday Blitz"]
[Site "Chess.com"]
[Date "2019.01.01"]
[Round "2"]
[White "julinha97"]
[Black "pandamaster3000"]
[Result "1-0"]
[WhiteElo "2113"]
[BlackElo "2217"]
[TimeControl "180+2"]
[EndTime "13:20:25 PST"]
[Termination "julinha97 won by resignation"]

1. e4 e6 2. d4 d5 3. Bd3 dxe4 4. Bxe4 Nf6 5. Bf3 c5 6. Ne2 Nc6 7. Be3 cxd4 8. Nxd4 Nxd4 9. Qxd4 Qxd4 10. Bxd4 Be7 11. Nc3 O-O 12. O-O-O a6 13. Bb6 Nd7 14. Bc7 Bd8 15.
Bd6 Re8 16. Bg3 Bf6 17. Ne4 Be5 18. Bxe5 Nxe5 19. Nd6 Rd8 20. Nxc8 Raxc8 21. Bxb7 Rb8 22. Bxa6 Re8 23. a3 Ng4 24. Rd2 e5 25. f3 Ne3 26.
Re1 Nf5 27. Rde2 f6 28. Bc4+ Kh8 29. c3 Rec8 30. Be6 Nd4 31. Bxc8 Rxc8 32. Re4 Nc6 33.
Rc4 1-0

[Event "*** Titled Tuesday Blitz"]
[Site "Chess.com"]
[Date "2019.01.01"]
[Round "2"]
[White "P0ubelle"]
[Black "Hieronymus00"]
[Result "0-1"]
[WhiteElo "2185"]
[BlackElo "2161"]
[TimeControl "180+2"]
[EndTime "13:20:27 PST"]
[Termination "Hieronymus00 won by checkmate"]

1. e4 e5 2. Nf3 Nc6 3. d4 exd4 4. Nxd4 Nf6 5. Nxc6 bxc6 6. e5 Qe7 7. Qe2 Nd5 8. c4 Nb6 9. b3 a5 10. Ba3 Qe6 11. Bb2 a4 12. Nd2 Bb4 13. f4 Bb7 14. Qd3 axb3 15. axb3 O-O 16. Be2 Qg6 17. Qxg6 fxg6 18.
g3 c5 19. O-O-O Bxh1 20. Rxh1 Ra2 21. Bd3 Bxd2+ 22. Kb1 Rfa8 23. h4 Be3 24. h5 gxh5 25. Rxh5 h6 26. e6 dxe6 27. Be4 R8a7 28. g4 Nd7 29. g5 Bd4 30. Bxd4 cxd4 31. gxh6 gxh6 32.
Rxh6 Ra1+ 33. Kc2 R7a2+ 34. Kd3 Rd1# 0-1

[Event "*** Titled Tuesday Blitz"]
[Site "Chess.com"]
[Date "2019.01.01"]
[Round "2"]
[White "dmosesov"]
[Black "mitrabhaa"]
[Result "0-1"]
[WhiteElo "2322"]
[BlackElo "2562"]
[TimeControl "180+2"]
[EndTime "13:20:29 PST"]
[Termination "mitrabhaa won by checkmate"]

1. e4 c5 2. Nf3 d6 3. d4 cxd4 4. Nxd4 Nf6 5. Nc3 a6 6. Bg5 e6 7. f4 Nbd7 8. Qe2 Qc7 9. O-O-O b5 10. a3 Bb7 11. g4 Be7 12. Bg2 h6 13. Bh4 g5 14. fxg5 Nh7 15. Rhf1 hxg5 16. Bg3 Nhf8 17.
Qf2 Rh7 18. Kb1 Ng6 19. Qd2 Nde5 20. h3 Nc4 21. Qd3 Nge5 22. Bxe5 dxe5 23. Nf3 Rc8 24.
Na2 a5 25. Qe2 b4 26. axb4 axb4 27. Rd3 Ba6 28. Rfd1 Na5 29. Nc1 Bxd3 30. Rxd3 Nc4 31. Nb3 Qa7 32. Kc1 Ra8 33. Kd1 Qa1+ 34. Nxa1 Rxa1# 0-1

[Event "*** Titled Tuesday Blitz"]
[Site "Chess.com"]
[Date "2019.01.01"]
[Round "2"]
[White "MissingLife"]
[Black "lucasmito"]
[Result "1-0"]
[WhiteElo "2427"]
[BlackElo "2439"]
[TimeControl "180+2"]
[EndTime "13:20:30 PST"]
[Termination "MissingLife won by checkmate"]

1. c4 Nf6 2. Nc3 d5 3. cxd5 Nxd5 4. e4 Nxc3 5. bxc3 g6 6. Nf3 Bg7 7. Be2 O-O 8. O-O c5 9. Rb1 Nc6 10. h3 b6 11. Qa4 Bd7 12. Qa6 Qc7 13. Rd1 Rfd8 14.
d4 cxd4 15. cxd4 e5 16. d5 Nd4 17. Nxd4 exd4 18. Ba3 Re8 19. Bf3 Qf4 20. Rb3 Rec8 21. Qb7 Ba4 22. Bg4 Rcb8 23. Qa6 Bxb3 24. axb3 Qxe4 25. Bf3 Qc2 26. Rc1 Qxb3 27. d6 d3 28. Bxa8 d2 29. Rc8+ Bf8 30. Bf3 Qxf3 31. gxf3 d1=Q+ 32. Kg2 Rxc8 33. Qxc8 Kg7 34. d7 Bxa3 35. d8=Q Qa4 36.
Qc3+ Kh6 37. Qe3+ Kg7 38. Qe5+ Kh6 39. Qdg5# 1-0

[Event "*** Titled Tuesday Blitz"]
[Site "Chess.com"]
[Date "2019.01.01"]
[Round "2"]
[White "Kawhi_Leonard2"]
[Black "MikeSailer"]
[Result "1-0"]
[WhiteElo "2254"]
[BlackElo "2112"]
[TimeControl "180+2"]
[EndTime "13:20:31 PST"]
[Termination "Kawhi_Leonard2 won by resignation"]

1. e4 d5 2. exd5 Qxd5 3. Nc3 Qd8 4. d4 Nf6 5. Nf3 Bg4 6. h3 Bxf3 7. Qxf3 c6 8. Be3 e6 9. Bd3 Nbd7 10. O-O Bd6 11. Ne4 Nxe4 12. Qxe4 Nf6 13. Qf3 O-O 14.
c4 Be7 15. a3 a5 16. b3 Qd7 17. Rfd1 Rfd8 18. Bc2 Qe8 19. Qe2 Qf8 20. Bc1 Qe8 21.
Bb2 b5 22. Qd3 g6 23. Qf3 bxc4 24. bxc4 Rab8 25. Bc3 Nd7 26. Bxa5 Rdc8 27. Bc3 Qf8 28. a4 Bb4 29. a5 Bxc3 30. Qxc3 Ra8 31. Rdb1 Nb8 32.
c5 Na6 33. Rb6 Qh6 34. Be4 Nb8 35. a6 Qf4 36. Qe3 Qc7 37. g3 Nd7 38. Rxc6 Qd8 39. Rxc8 Rxc8 40. a7 f5 41. a8=Q 1-0

[Event "*** Titled Tuesday Blitz"]
[Site "Chess.com"]
[Date "2019.01.01"]
[Round "2"]
[White "Fivetrick"]
[Black "Tjktiger"]
[Result "0-1"]
[WhiteElo "2662"]
[BlackElo "2732"]
[TimeControl "180+2"]
[EndTime "13:20:33 PST"]
[Termination "Tjktiger won by resignation"]

1. e4 c5 2. Nf3 g6 3. d4 cxd4 4. Nxd4 Bg7 5. Nc3 Nc6 6. Be3 Nf6 7. Bc4 O-O 8. Bb3 d5 9. exd5 Nb4 10. Qd2 Nfxd5 11.
Bh6 e5 12. Bxg7 Kxg7 13. Nxd5 Nxd5 14. Bxd5 exd4 15. Qxd4+ Kg8 16. O-O-O Bf5 17. Bxb7 Qc7 18. Be4 Qf4+ 19. Kb1 Qxe4 20. Qxe4 Bxe4 21. Rhe1 Bxg2 22. Re7 Rad8 23. Rdd7 Bc6 24. Rxd8 Rxd8 25. b3 Rd7 26. Re8+ Kg7 27. Rc8 Bb7 28. Rc5 Rd2 29. Kc1 Rxf2 30. Rc7 Be4 31. a4 a5 32. Rc4 f5 33. Rc5 f4 34. c4 f3 35. Rxa5 Rc2+ 36. Kd1 f2 37.
Ra7+ Kf6 0-1

[Event "*** Titled Tuesday Blitz"]
[Site "Chess.com"]
[Date "2019.01.01"]
[Round "2"]
[White "gmjlh"]
[Black "Manukyan_Artak"]
[Result "0-1"]
[WhiteElo "2643"]
[BlackElo "2376"]
[TimeControl "180+2"]
[EndTime "13:20:34 PST"]
[Termination "Manukyan_Artak won by resignation"]

1. e4 c6 2. Qf3 e5 3. Bc4 Nf6 4. d3 d5 5. Bb3 Be6 6. Nc3 d4 7.
Bxe6 dxc3 8. Bb3 cxb2 9. Bxb2 Qa5+ 10. Kf1 Ba3 11. Bxa3 Qxa3 12. Qg3 Qb2 13. Qxg7 Qxa1+ 14. Ke2 Rf8 15. Bc4 Nbd7 16. Nf3 Qxh1 17. Ng5 O-O-O 18.
Nxf7 Qxh2 19. Nxd8 Kxd8 20. Be6 Qh5+ 21. f3 Qg6 22.
Qxg6 hxg6 23. Ke3 Ke7 24. Bb3 Nc5 25. c3 Nxb3 26. axb3 Nh5 27. d4 Kd6 28. b4 b5 29.
g4 Nf4 30. Kd2 Ne6 31. Ke3 Ng5 0-1

[Event "*** Titled Tuesday Blitz"]
[Site "Chess.com"]
[Date "2019.01.01"]
[Round "2"]
[White "PrinceCharming92"]
[Black "GMMelik"]
[Result "0-1"]
[WhiteElo "2441"]
[BlackElo "2503"]
[TimeControl "180+2"]
[EndTime "13:20:42 PST"]
[Termination "GMMelik won by checkmate"]

1. e4 d6 2. Nc3 e5 3. Bc4 Nf6 4. d3 Be7 5. Nge2 O-O 6. O-O Be6 7. Bb3 Bxb3 8. axb3 d5 9. exd5 Nxd5 10. Nxd5 Qxd5 11.
Nc3 Qc6 12. Qe2 Nd7 13. Be3 Bb4 14. Bd2 f5 15. f4 Rae8 16. fxe5 Nxe5 17. Qf2 Ng4 18.
Qf3 Bc5+ 19. Kh1 Qxf3 20. gxf3 Ne3 21. Bxe3 Rxe3 22. Rae1 Rfe8 23. Rxe3 Rxe3 24. Kg2 c6 25. Rf2 Re1 26. Rf1 Re6 27. Rd1 Bd4 28. Rd2 Re1 29. Nd1 Rg1+ 30. Kh3 g5 31. c3 Bf6 32. Ne3 h5 33.
Ng2 g4+ 34. fxg4 hxg4+ 35. Kg3 Rf1 36. d4 Rf3# 0-1

[Event "*** Titled Tuesday Blitz"]
[Site "Chess.com"]
[Date "2019.01.01"]
[Round "2"]
[White "MatyChess1"]
[Black "Alopekos"]
[Result "0-1"]
[WhiteElo "2494"]
[BlackElo "2480"]
[TimeControl "180+2"]
[EndTime "13:20:43 PST"]
[Termination "Alopekos won by resignation"]

1. e4 e5 2. Nf3 Nc6 3. Nc3 Nf6 4. Bb5 Bd6 5. a3 O-O 6. g4 Nd4 7. Bc4 Nxg4 8. Nxd4 Qh4 9. Qe2 exd4 10. Nb5 Nxf2 11.
Rf1 Nxe4+ 12. Kd1 Bxh2 13. d3 d5 14. Bxd5 Bg4 15. Rf3 Nf2+ 16. Ke1 Nxd3+ 17. Kd1 Nf2+ 18. Ke1 Rae8 19. Bxf7+ Kh8 20. Bxe8 Bxf3 21. Qxf2 Bg3 0-1

[Event "*** Titled Tuesday Blitz"]
[Site "Chess.com"]
[Date "2019.01.01"]
[Round "2"]
[White "Dr-Bassem"]
[Black "Keaton87"]
[Result "1-0"]
[WhiteElo "2718"]
[BlackElo "2507"]
[TimeControl "180+2"]
[EndTime "13:20:45 PST"]
[Termination "Dr-Bassem won by resignation"]

1. e4 c5 2. Nf3 e6 3. d3 Nc6 4. g3 g6 5. Bg2 Bg7 6. O-O Nge7 7. c3 O-O 8. Re1 e5 9. a3 d6 10. b4 b6 11. Nbd2 h6 12. Bb2 f5 13.
b5 Na5 14. exf5 gxf5 15. Nxe5 dxe5 16. Bxa8 Qxd3 17. c4 Be6 18. Bg2 e4 19. Bxg7 Kxg7 20. f3 Rd8 21. fxe4 Qxd2 22. Qxd2 Rxd2 23. exf5 Nxf5 24. Rxe6 Nxc4 25. Rae1 Nxa3 26. Be4 Nd4 27. Rg6+ Kf7 28. Rf1+ Ke7 29. Kh1 c4 30. Bd5 Nf3 31.
Bxf3 c3 32. Bg4 c2 33. Rg7+ Ke8 34. Bh5+ 1-0

[Event "*** Titled Tuesday Blitz"]
[Site "Chess.com"]
[Date "2019.01.01"]
[Round "2"]
[White "SimonKnightRivendell"]
[Black "sunloong"]
[Result "1-0"]
[WhiteElo "1988"]
[BlackElo "1904"]
[TimeControl "180+2"]
[EndTime "13:20:45 PST"]
[Termination "SimonKnightRivendell won on time"]

1. d4 Nf6 2. Nf3 g6 3. e3 Bg7 4. Bd3 O-O 5. O-O d6 6. c3 Nbd7 7. Nbd2 e5 8. e4 Re8 9. b3 c6 10. Bb2 Qe7 11. Re1 a6 12. a4 b6 13. Nc4 Bb7 14.
Qc2 Rab8 15. dxe5 dxe5 16. Ne3 h6 17. a5 b5 18. Rad1 Qd8 19. b4 Qe7 20. Bf1 Nh5 21. g3 Nhf6 22. Qb3 Nxe4 23. Ng4 c5 24. Bh3 c4 25. Qc2 f5 26. Ne3 g5 27. Nxf5 Qf7 28.
Rxd7 Qxd7 29. Nxh6+ Bxh6 30. Bxd7 Re7 31. Bf5 Nd6 32. Nxe5 Rbe8 33. Bh7+ Rxh7 34. Qg6+ 1-0

[Event "*** Titled Tuesday Blitz"]
[Site "Chess.com"]
[Date "2019.01.01"]
[Round "2"]
[White "esteban062000"]
[Black "KRASAVCHIK2002"]
[Result "1-0"]
[WhiteElo "2191"]
[BlackElo "2263"]
[TimeControl "180+2"]
[EndTime "13:20:46 PST"]
[Termination "esteban062000 won by resignation"]

1. Nf3 Nf6 2. c4 c5 3. b3 g6 4. Bb2 Bg7 5. g3 O-O 6. Bg2 Nc6 7. O-O d5 8. cxd5 Nxd5 9. Bxg7 Kxg7 10. d3 b6 11. Nbd2 Bb7 12. Qc1 Qd7 13. Qb2+ Kg8 14. Nc4 f6 15. Rfd1 e5 16. Rac1 Rad8 17. e3 Qe7 18. d4 cxd4 19. exd4 e4 20. Ne1 f5 21.
Nc2 f4 22. gxf4 Nxf4 23. N2e3 Nd3 24. Rxd3 exd3 25. d5 Nb4 26. d6 Qf7 27. Ne5 Qg7 28.
Bxb7 Qxb7 29. Rc7 Qe4 30. N5g4 1-0